 Seeded DCSS version 0.28-a0-1555-g9ae15a6949 (webtiles) character file.

Game seed: 19 (custom seed)

71 knot the Chopper (level 4, 35/35 HPs)
             Began as a Demonspawn Berserker on Jan 19, 2022.
             Was a Believer of Trog.
             Quit the game on level 3 of the Dungeon.
             The game lasted 00:01:32 (2090 turns).

knot the Chopper (Demonspawn Berserker)             Turns: 2090, Time: 00:01:33

Health: 35/35      AC:  5    Str: 17    XL:     4   Next: 5%
Magic:  4/4        EV: 11    Int: 11    God:    Trog [**....]
Gold:   40         SH:  0    Dex: 12    Spells: 3/3 levels left

rFire   . . .      SeeInvis .   l - +0 hand axe (venom)
rCold   . . .      Faith    .   (no shield)
rNeg    . . .      Spirit   .   c - +0 ring mail
rPois   .          Reflect  .   (no helmet)
rElec   .          Harm     .   (no cloak)
rCorr   .          Rampage  .   (no gloves)
Will    .....                   (no boots)
Stlth   +.........              e - amulet of the acrobat
HPRegen 2.11/turn               (no ring)
MPRegen 0.09/turn               (no ring)

@: no status effects
A: claws 1, powered by death 2
a: Renounce Religion, Berserk, Trog's Hand


You were on level 3 of the Dungeon.
You worshipped Trog.
Trog was pleased with you.
You visited 1 branch of the dungeon, and saw 3 of its levels.

You collected 40 gold pieces.

Inventory:

Hand Weapons
 l - a +0 hand axe of venom (weapon)
Missiles
 f - 29 stones (quivered)
 j - 16 sling bullets
Armour
 c - a +0 ring mail (worn)
Jewellery
 e - an amulet of the acrobat (around neck)
Wands
 p - a wand of digging (6)
Scrolls
 a - 3 scrolls of enchant armour {unknown}
 d - 3 scrolls of noise {unknown}
 g - a scroll of vulnerability {unknown}
 h - a scroll of fear {unknown}
 i - a scroll of blinking {unknown}
 n - a scroll of fog {unknown}
 o - a scroll of immolation {unknown}
Potions
 b - a potion of magic {unknown}
 k - a potion of haste {unknown}
 m - a potion of attraction {unknown}
 q - a potion of cancellation {unknown}


   Skills:
 - Level 3.0 Fighting
 + Level 4.5 Axes
 - Level 1.7 Armour
 - Level 1.7 Dodging


You had 3 spell levels left.
You didn't know any spells.
Your spell library contained the following spells:

 Spells                   Type           Power      Damage    Failure   Level
 Magic Dart               Conj           0%         1d3       54%         1
 Summon Small Mammal      Summ           0%         N/A       54%         1
 Call Imp                 Summ           0%         N/A       67%         2
 Call Canine Familiar     Summ           0%         N/A       88%         3
 Mephitic Cloud           Conj/Pois/Air  0%         N/A       88%         3
 Summon Guardian Golem    Hex/Summ       0%         N/A       88%         3
 Tukima's Dance           Hex            0%         N/A       88%         3
 Anguish                  Hex/Necr       0%         N/A       99%         4
 Enfeeble                 Hex            0%         N/A       100%        7


Dungeon Overview and Level Annotations

Branches:
Dungeon (3/15)

Altars:


Innate Abilities, Weirdness & Mutations

You have sharp fingernails.
You regenerate health from kills.


Message History

The orc is heavily wounded.
The orc closely misses you.
An orc is nearby!
You barely miss the orc.
The orc is heavily wounded.
The orc closely misses you.
You closely miss the orc.
The orc is heavily wounded.
The orc barely misses you. The orc hits you with a +0 flail.
You closely miss the orc.
The orc is almost dead.
The orc hits you with a +0 flail.
You completely miss the orc.
The orc is almost dead.
You kill the orc!
Trog accepts your kill.
No target in view!
No target in view!
HP restored.
An adder comes into view.
The adder hisses angrily.
A goblin comes into view. It is wielding a +0 dagger.
There are monsters nearby!
The adder completely misses you.
There are monsters nearby!
You hit the adder.
The adder is poisoned.
The adder is moderately wounded.
The adder bites you but does no damage. The adder misses you.
You hit the adder.
The adder looks as sick as possible!
The adder is heavily wounded.
The adder bites you but does no damage.
You slash the adder!
You kill the adder!
Trog accepts your kill.
You have reached level 4!
You feel clever.
You feel monstrous as your demonic heritage exerts itself.
Your demonic ancestry asserts itself...
Your fingernails lengthen.
Are you sure you want to abandon this character and quit the game? (Confirm with "yes".)

. ... . ..# #. ..# .##.#
...# ..# ..# .... #.#
#....... ..##.##@#
#........
.....g..########........
..###.##...............
#.##.####..##.#..#
.................###
.......###..##..#....
....##..###..##.).....
..... #...........#....
#.. ....###.###+#....


You could see a goblin.

Vanquished Creatures
  2 adders
  A worm (D:2)
  An orc (D:3)
  5 ball pythons
  4 endoplasms
  3 giant cockroaches (D:1)
  5 goblins
  4 hobgoblins
  3 jackals (D:1)
  3 kobolds
  3 quokkas
  7 bats
  5 rats
46 creatures vanquished.

Vanquished Creatures (others)
  16 plants (D:1)
16 creatures vanquished.

Grand Total: 62 creatures vanquished

Notes
Turn   | Place    | Note
-------+----------+-------------------------------------------
     0 | D:1      | knot the Demonspawn Berserker began the quest for the Orb.
     0 | D:1      | Reached XP level 1. HP: 18/18 MP: 1/1
    47 | D:1      | Reached skill level 3 in Axes
   510 | D:1      | Gained mutation: You regenerate a little health from kills.
                  | [demonic ancestry]
   510 | D:1      | Reached XP level 2. HP: 23/24 MP: 2/2
  1141 | D:1      | You fall into a shaft and drop 1 floor!
  1156 | D:2      | Gained mutation: You regenerate health from kills. [demonic
                  | ancestry]
  1156 | D:2      | Reached XP level 3. HP: 29/29 MP: 3/3
  1213 | D:2      | Reached ** piety under Trog
  1219 | D:2      | Reached skill level 4 in Axes
  1653 | D:2      | Found a faded altar of an unknown god.
  2090 | D:3      | Discovered your monstrous ancestry.
  2090 | D:3      | Gained mutation: You have sharp fingernails. [demonic
                  | ancestry]
  2090 | D:3      | Reached XP level 4. HP: 35/35 MP: 4/4
  2090 | D:3      | Quit the game

Illustrated notes

Levels and vault maps discovered:
D:1:      heliophobic_arrival_battle_scene, layout_basic, kennysheep_boxes
D:2:      layout_basic, nicolae_ecumenical_snake_handling
D:3:      layout_basic, uniq_robin

Skill      XL: |  1  2  3 |
---------------+----------+-----
Axes           | 3 4 |  4.5
Fighting       | |  3.0
Armour         | |  1.7
Dodging        | |  1.7

Action                   |  1- 3 |  4- 6 || total
-------------------------+-------+-------++-------
Melee: Hand axe          |   141 |       ||   141
       Punch             |     3 |       ||     3
Invok: Berserk           |     1 |       ||     1
 Stab: Sleeping          |     1 |       ||     1
Armor: Animal skin       |    16 |       ||    16
       Ring mail         |    37 |       ||    37
Dodge: Dodged            |    85 |       ||    85

Table legend: (Time is in decaauts)
 A = Elapsed time spent in this place.
 B = Non-inter-level travel time spent in this place.
 C = Inter-level travel time spent in this place.
 D = Time resting spent in this place.
 E = Time spent auto-exploring this place.
 F = Levels seen in this place.
 G = Mean time per level.
                   A        B        C        D        E       F      G
               +--------+--------+--------+--------+--------+-----+--------+
         Total |   2120 |   2060 |     60 |    368 |   1357 |   3 |  706.7 |
       Dungeon |   2120 |   2060 |     60 |    368 |   1357 |   3 |  706.7 |
               +--------+--------+--------+--------+--------+-----+--------+

Top non-repeatable levels by time:
     D:1: 1340 daAuts
     D:2: 630 daAuts
     D:3: 148 daAuts
